 Dungeon Crawl Stone Soup version 0.31-a0-1068-g5939ac1fb6 (webtiles) character file.

Game seed: 14197833808458374471

151 senseless the Conjurer (level 4, -9/32 (33) HPs)
             Began as a Demigod Conjurer on Nov 23, 2023.
             Killed by nerve-wracking pain
             ... invoked by Grinder
              (13 damage)
             ... on level 2 of the Dungeon.
             The game lasted 00:06:39 (2502 turns).

senseless the Conjurer (Demigod Conjurer)           Turns: 2502, Time: 00:06:40

HP:   -9/32 (33)    AC:  4    Str:  8    XL:     4   Next: 86%
MP:   0/11          EV: 12    Int: 24    God:
Gold: 68            SH:  0    Dex: 12    Spells: 5/8 levels left

rFire   . . .        c - +2 dagger (elec)
rCold   . . .        (no shield)
rNeg    . . .        h - +0 leather armour
rPois   .            (no helmet)
rElec   .            o - +0 cloak
rCorr   .            (no gloves)
SInv    .            (no boots)
Will    .....        (no amulet)
Stlth   ++           (no ring)
HPRegen 0.25/turn    (no ring)
MPRegen 0.12/turn

%: no passive effects
@: lightly drained
A: high MP 1, forlorn, divine attributes
a: no special abilities


You were on level 2 of the Dungeon.
You visited 1 branch of the dungeon, and saw 3 of its levels.

You collected 68 gold pieces.

Inventory:

Hand Weapons
 c - a +2 dagger of electrocution (weapon)
 d - a +2 falchion of draining
Armour
 h - a +0 leather armour (worn)
 o - a +0 cloak (worn)
Scrolls
 a - a scroll of identify {unknown}
 e - 2 scrolls of teleportation {unknown}
 f - a scroll of amnesia {unknown}
 i - a scroll of butterflies {unknown}
 j - a scroll of vulnerability {unknown}
 l - 3 scrolls of enchant weapon {unknown}
 m - a scroll of noise {unknown}
 n - a scroll of poison {unknown}
Potions
 b - a potion of magic
 g - a potion of berserk rage {unknown}
 k - a potion of curing {unknown}


   Skills:
 + Level 3.2 Dodging
 - Level 1.7 Stealth
 + Level 2.9 Spellcasting
 + Level 4.4 Conjurations


You had 5 spell levels left.
You knew the following spells:

 Your Spells              Type           Power      Damage    Failure   Level
a - Magic Dart            Conj           96%        1d7       2%          1
b - Searing Ray           Conj           48%        2d6       3%          2

Your spell library contained the following spells:

 Spells                   Type           Power      Damage    Failure   Level
 Dazzling Flash           Conj/Hex       28%        N/A       19%         3
 Sublimation of Blood     Necr           3%         N/A       24%         2
 Wereblood                Tmut           3%         N/A       24%         2
 Gell's Gravitas          Tloc           3%         N/A       43%         3
 Teleport Other           Tloc           3%         N/A       43%         3
 Fulminant Prism          Conj/Hex       7%         3d7       54%         4
 Iskenderun's Mystic Bla  Conj/Tloc      14%        2d5       54%         4
 Dispersal                Tloc           1%         N/A       100%        6
 Summon Hydra             Summ           1%         N/A       100%        7


Dungeon Overview and Level Annotations

Branches:
Dungeon (3/15)

Shops:
D:1 !   D:2 :

Annotations:
D:2 Grinder
D:3 Robin


Innate Abilities, Weirdness & Mutations

You have an increased reservoir of magic. (+10% MP)
You shall have no god before yourself.
Your divine heritage dramatically boosts your attributes as you level up.


Message History

The searing ray hits the hobgoblin!
You kill the hobgoblin!
The searing ray misses Grinder. (Press . to maintain the ray.)
The searing ray hits Grinder.
Grinder is lightly wounded.
The searing ray hits Grinder.
Grinder is lightly wounded.
Grinder gestures at you. Pain shoots through your body!
The searing ray hits Grinder.
Grinder is moderately wounded.
You finish channelling your searing ray.
A goblin comes into view. It is wielding a +0 club.
Grinder hits you!
You writhe in agony.
Robin hits you from afar with a +0 spear.
You climb upwards.
There is a stone staircase leading down here.
Items here: ))) [.
Casting: Searing Ray (safe; 3% risk of failure)
Confirm with . or Enter, or press ? or * to list all spells.
Aiming: Searing Ray (safe; 3% risk of failure)
Press: ? - help, Shift-Dir - straight line, f - Grinder
Aim: Grinder (lightly wounded, 77% to hit)
The searing ray hits Grinder.
Grinder is moderately wounded. (Press . to maintain the ray.) Grinder hits you!
* * * LOW HITPOINT WARNING * * *
The searing ray hits Grinder.
Grinder is moderately wounded.
Grinder hits you but does no damage.
The searing ray hits Grinder.
Grinder is heavily wounded.
Grinder blinks!
You finish channelling your searing ray.
Grinder gestures at you. Pain shoots through your body!
You die...
Grinder says, "Now the real fun starts!"

.................##.....###
.................##.##..#
.................##.##.##
..................5....#
......#.....<........###
.....................#
................#....#
.#..............#....# #####
...##...........@....###...##
...(............#....##.....##
♣.###...........#....#.......#
♣...............#............#
♣...............######.......#
..........####.....####..†..##
....#.......##.#.........(...#
....................##.......##
...#................##........##


You could see Grinder.

Vanquished Creatures
  Crazy Yiuf (D:2)
  Jessica (D:2)
  Terence (D:3)
  An adder (D:2)
  2 dart slugs (D:1)
  An orc (D:3)
  6 endoplasms
  2 giant cockroaches
  5 goblins
  6 hobgoblins
  2 jackals (D:1)
  2 quokkas (D:3)
  5 ball pythons
  8 bats
  A frilled lizard (D:1)
  7 kobolds
  3 rats (D:1)
54 creatures vanquished.

Vanquished Creatures (others)
  An arcanist (D:3)
1 creature vanquished.

Grand Total: 55 creatures vanquished

Notes
Turn   | Place    | Note
-------+----------+-------------------------------------------
     0 | D:1      | senseless the Demigod Conjurer began the quest for the Orb.
     0 | D:1      | Reached XP level 1. HP: 14/14 MP: 5/5
   178 | D:1      | Found Tosugutt's Distillery.
   264 | D:1      | Reached XP level 2. HP: 20/20 MP: 5/7
   267 | D:1      | Learned a level 2 spell: Searing Ray
  1016 | D:1      | Reached XP level 3. HP: 26/26 MP: 3/9
  1162 | D:1      | Reached skill level 4 in Conjurations
  1633 | D:2      | Found Wisch's Book Boutique.
  1713 | D:2      | Found a runed translucent door.
  1797 | D:2      | Noticed Jessica
  1800 | D:2      | Killed Jessica
  1801 | D:2      | Reached XP level 4. HP: 33/33 MP: 6/10
  1926 | D:2      | Noticed Crazy Yiuf
  1932 | D:2      | Killed Crazy Yiuf
  2233 | D:3      | Noticed Terence
  2239 | D:3      | Killed Terence
  2341 | D:3      | Noticed an arcanist
  2346 | D:3      | Killed an arcanist
  2471 | D:3      | Noticed Grinder
  2471 | D:3      | Noticed Robin
  2502 | D:2      | Killed from afar by Grinder

Illustrated notes

Levels and vault maps discovered:
D:1:      dpeg_arrival_houses_and_road, layout_basic, serial_shops, shop,
          minmay_ruptured
D:2:      layout_rooms, serial_shops, nicolae_shop_real_fake_doors,
          eino_curves_04, minmay_stone_trees_small, uniq_jessica,
          uniq_crazy_yiuf_cottage
D:3:      minmay_angry_zag, layout_loops_cross, trog_wizard, uniq_terence,
          uniq_robin, uniq_grinder

Skill      XL: |  1  2  3  4 |
---------------+-------------+-----
Dodging        | 2 3 |  3.2
Spellcasting   | 2 |  2.9
Conjurations   | 4 |  4.4
Stealth        | |  1.7

Action                     |  1- 3 |  4- 6 || total
---------------------------+-------+-------++-------
  Melee: Dagger            |       |     2 ||     2
   Cast: Magic Dart        |    65 |    17 ||    82
         Searing Ray       |     1 |     5 ||     6
 Armour: Robe              |     1 |       ||     1
         Leather armour    |       |    12 ||    12
  Dodge: Dodged            |     1 |     7 ||     8

Table legend: (Time is in decaauts)
 A = Elapsed time spent in this place.
 B = Non-inter-level travel time spent in this place.
 C = Inter-level travel time spent in this place.
 D = Time resting spent in this place.
 E = Time spent auto-exploring this place.
 F = Levels seen in this place.
 G = Mean time per level.
                   A        B        C        D        E       F      G
               +--------+--------+--------+--------+--------+-----+--------+
         Total |   2500 |   2358 |    142 |     98 |   1977 |   3 |  833.3 |
       Dungeon |   2500 |   2358 |    142 |     98 |   1977 |   3 |  833.3 |
               +--------+--------+--------+--------+--------+-----+--------+

Top non-repeatable levels by time:
     D:1: 1311 daAuts
     D:2: 774 daAuts
     D:3: 414 daAuts
